 Dungeon Crawl Stone Soup version 0.22-b1-59-g0aedee7 (webtiles) character file.

2163 Gorglomux the Shield-Bearer (level 9, -2/82 HPs)
             Began as a Deep Dwarf Fighter on Aug 9, 2018.
             Was a Believer of Makhleb.
             Killed from afar by a steam dragon (15 damage)
             ... with a ball of steam
             ... on level 7 of the Dungeon.
             The game lasted 00:03:53 (3177 turns).

Gorglomux the Shield-Bearer (Deep Dwarf Fighter)    Turns: 3177, Time: 00:03:55

Health: -2/82      AC: 10    Str: 24    XL:     9   Next: 10%
Magic:  10/10      EV:  8    Int:  8    God:    Makhleb [**....]
Gold:   67         SH: 11    Dex: 12    Spells: 8/8 levels left

rFire    . . .     SeeInvis .   a - +0 war axe
rCold    . . .     Gourm    .   c - +0 shield
rNeg     + . .     Faith    .   b - +0 scale mail
rPois    .         Spirit   .   j - +0 helmet
rElec    .         Reflect  .   E - +0 cloak
rCorr    .         Harm     .   (no gloves)
MR       +....                  (no boots)
Stlth    ..........             (no amulet)
HPRegen  0.00/turn              z - ring of positive energy
MPRegen  0.12/turn              A - ring of wizardry

@: non-regenerating
A: damage resistance, heal wounds, sense surroundings 2, no regeneration
a: Heal Wounds, Minor Destruction, Renounce Religion


You were on level 7 of the Dungeon.
You worshipped Makhleb.
Makhleb was pleased with you.
You were not hungry.

You visited 1 branch of the dungeon, and saw 7 of its levels.
You also visited: Sewer.

You collected 352 gold pieces.
You spent 285 gold pieces at shops.

Inventory:

Hand Weapons
 a - a +0 war axe (weapon)
Armour
 b - a +0 scale mail (worn)
 c - a +0 shield (worn)
 j - a +0 helmet (worn)
 E - a +0 cloak (worn)
Jewellery
 z - a ring of positive energy (left hand)
 A - a ring of wizardry (right hand)
Scrolls
 g - 5 scrolls of remove curse {unknown}
 i - 5 scrolls of enchant armour
 k - 11 scrolls of identify
 n - 5 scrolls of amnesia {unknown}
 o - a scroll of immolation {unknown}
 q - a scroll of blinking {unknown}
 v - 2 scrolls of magic mapping
 x - 3 scrolls of teleportation
 y - 2 scrolls of fear {unknown}
 C - a scroll of enchant weapon {unknown}
 F - 2 scrolls of random uselessness
Potions
 d - a potion of might
 h - a potion of brilliance {unknown}
 p - a potion of degeneration {unknown}
 r - 3 potions of flight {unknown}
 s - 3 potions of curing {unknown}
 u - a potion of cancellation {unknown}
 B - a potion of invisibility {unknown}
 G - 2 potions of agility {unknown}
Comestibles
 f - 11 rations
 H - 12 chunks of flesh


   Skills:
 + Level 5.7 Fighting
 + Level 6.4 Axes
 + Level 6.9 Armour
 + Level 6.9 Shields
 + Level 5.9 Invocations


You had 8 spell levels left.
You didn't know any spells.
Your spell library was empty.

Dungeon Overview and Level Annotations

Branches:
Dungeon (7/15)             Temple (0/1) D:4

Altars:
Trog

Shops:
D:6 ?[

Annotations:
D:6 1 exclusion


Innate Abilities, Weirdness & Mutations

You are resistant to damage.
You can heal yourself by infusing magical energy.
You passively map the area around you.
You do not regenerate.


Message History

The steam dragon is severely wounded!
You are engulfed in a cloud of scalding steam! * * * don't die
* * * The phantom blinks!!!
The steam dragon bites you!!! * * * don't die
* * * You block the steam dragon's attack!
You completely miss the steam dragon!
The steam dragon is severely wounded!
A gnoll comes into view!
The steam dragon bites you but does no damage!
You block the steam dragon's attack! You block the gnoll's attack!
You butt too injured to fight recklessly!!!
Unknown command!
You closely miss the steam dragon!
The steam dragon is severely wounded!
You carve the gnoll like a ham!
Butt block the steam dragon's attack!
The steam dragon claws you!
The phantom blinks!!!
You block the gnoll's attack! The steam dragon breathes steam at you!
The ball of steam hits you!!! butt

,, , , , ,* , ,
........... ## , ,
,,,........§.##.,, ,
,,.......g.... , *
,, *, .......g...# ,
,, * ...........# ,
,, , ......#....## ,
, *
*,,.....#.Dg...##
#.#..@.....# * ## *
**** #.........###
#.# , ,
#...##......##.##..
, , *,
#..#*##.....#.##...,
, , #.÷.*
##.....##.... * *
##.#* ##...##..... ,
#..# #.......... *
,....# ##......... *
, ,....## #.........


You could see a steam dragon and 3 gnolls.

Vanquished Creatures
  Pikel (D:6)
  Prince Ribbit (D:7)
  Duvessa (D:5)
  2 slaves (D:6)
  A sky beast (D:6)
  3 ogres
  A big kobold (Sewer)
  A bullfrog (D:6)
  Dowan (D:5)
  4 scorpions
  2 howler monkeys (D:4)
  A bullfrog zombie (D:5)
  A crimson imp (D:7)
  A quasit (Sewer)
  A hound (D:5)
  3 orc priests
  An iguana (D:5)
  3 orc wizards
  4 worker ants
  8 adders
  2 shadow imps
  3 ufetubi (Sewer)
  An ooze (D:3)
  3 worms
  5 dart slugs
  4 leopard geckos
  9 orcs
  2 bat zombies (Sewer)
  8 giant cockroaches
  5 goblins
  3 hobgoblins (D:2)
  2 jackals (D:7)
  A quokka (D:6)
  5 bats
  5 frilled lizards
  A giant cockroach zombie (Sewer)
  20 kobolds
  2 leopard gecko skeletons (D:4)
  8 rats
130 creatures vanquished.

Vanquished Creatures (others)
  A jackal (D:7)
  A kobold zombie (Sewer)
2 creatures vanquished.

Grand Total: 132 creatures vanquished

Notes
Turn   | Place    | Note
-------+----------+-------------------------------------------
     0 | D:1      | Gorglomux the Deep Dwarf Fighter began the quest for the Orb.
     0 | D:1      | Reached XP level 1. HP: 20/20 MP: 1/1
   185 | D:2      | Reached XP level 2. HP: 21/27 MP: 2/2
   192 | D:2      | Reached skill level 3 in Fighting
   329 | D:2      | Reached XP level 3. HP: 23/34 MP: 3/3
   702 | D:3      | Reached skill level 3 in Axes
   702 | D:3      | Reached XP level 4. HP: 35/42 MP: 4/4
   734 | D:3      | Found a glowing drain.
   750 | Sewer    | Entered a sewer
   865 | Sewer    | Found a burning altar of Makhleb.
   865 | Sewer    | Noticed a big kobold
   893 | Sewer    | Killed a big kobold
   893 | Sewer    | Reached XP level 5. HP: 19/50 MP: 5/5
   897 | Sewer    | Became a worshipper of Makhleb the Destroyer
  1180 | D:3      | Reached XP level 6. HP: 50/57 MP: 6/6
  1420 | D:3      | Found a bloodstained altar of Trog.
  1598 | D:4      | Reached skill level 1 in Invocations
  1698 | D:4      | Reached * piety under Makhleb
  1781 | D:4      | Found a staircase to the Ecumenical Temple.
  1911 | D:4      | Reached XP level 7. HP: 34/64 MP: 8/8
  2082 | D:5      | Entered Level 5 of the Dungeon
  2317 | D:5      | Noticed Duvessa
  2317 | D:5      | Noticed Dowan
  2340 | D:5      | Killed Duvessa
  2340 | D:5      | Reached skill level 3 in Invocations
  2350 | D:5      | Killed Dowan
  2593 | D:5      | Reached XP level 8. HP: 52/73 MP: 9/9
  2710 | D:6      | Reached skill level 6 in Armour
  2710 | D:6      | Reached skill level 6 in Shields
  2737 | D:6      | Found Cag Zul's Magic Scroll Shop.
  2758 | D:6      | Bought a scroll of teleportation for 39 gold pieces
  2758 | D:6      | Bought a scroll of magic mapping for 45 gold pieces
  2758 | D:6      | Bought a scroll of identify for 26 gold pieces
  2758 | D:6      | Bought a scroll of enchant armour for 97 gold pieces
  2758 | D:6      | Bought a scroll of random uselessness for 13 gold pieces
  2758 | D:6      | Bought a scroll of identify for 26 gold pieces
  2758 | D:6      | Bought a scroll of teleportation for 39 gold pieces
  2765 | D:6      | Noticed Pikel
  2804 | D:6      | Killed Pikel
  2804 | D:6      | Reached skill level 6 in Axes
  2917 | D:6      | Found Iramitud's Antique Armour Emporium.
  3086 | D:7      | Reached ** piety under Makhleb
  3113 | D:7      | Noticed Prince Ribbit
  3117 | D:7      | Gained mutation: You passively map the area around you. [Deep Dwarf growth]
  3117 | D:7      | Reached XP level 9. HP: 55/81 MP: 11/11
  3132 | D:7      | Killed Prince Ribbit
  3177 | D:7      | Killed from afar by a steam dragon

Skill      XL: |  1  2  3  4  5  6  7  8 |
---------------+-------------------------+-----
Fighting       | 3 4 5 |  5.7
Axes           | 3 4 5 6 |  6.4
Armour         | 4 5 6 |  6.9
Shields        | 4 5 6 |  6.9
Invocations    | 2 3 5 |  5.9

Action                   |  1- 3 |  4- 6 |  7- 9 || total
-------------------------+-------+-------+-------++-------
Melee: War axe           |    93 |   211 |   265 ||   569
Invok: Minor Destruction |       |       |     1 ||     1
 Abil: Heal Wounds       |     1 |     4 |    16 ||    21
  Eat: Chunk             |       |     4 |     5 ||     9
Armor: Scale mail        |    42 |   144 |   151 ||   337
Dodge: Dodged            |    44 |   104 |    82 ||   230
Block: Shield            |    55 |   135 |   168 ||   358
